 Dungeon Crawl Stone Soup version 0.31-a0-165-g3f4f80340b (webtiles) character file.

Game seed: 4871279609435845294

268 qw the Shooter (level 6, 0/57 HPs)
             Began as a Naga Hunter on June 13, 2023.
             Slain by a gnoll
             ... wielding a +0 flail
              (1 damage)
             ... on level 4 of the Dungeon.
             The game lasted 00:00:50 (2676 turns).

qw the Shooter (Naga Hunter)                        Turns: 2676, Time: 00:00:50

Health: 0/57       AC:  3    Str: 14      XL:     6   Next: 21%
Magic:  6/6        EV:  9    Int:  7 (9)  God:
Gold:   59         SH:  0    Dex: 16      Spells: 5/5 levels left

rFire   . . .        Y - +1 shortbow
rCold   . . .        (shield currently unavailable)
rNeg    . . .        c - +0 leather armour
rPois   +            (no helmet)
rElec   .            (no cloak)
rCorr   .            (no gloves)
SInv    +            (no barding)
Will    .....        (no amulet)
Stlth   ++           (no ring)
HPRegen 0.29/turn    (no ring)
MPRegen 0.10/turn

%: no passive effects
@: short of breath, very slow
A: AC +2, large, see invisible, deformed body, poison resistance, slowness 2,
spit poison 1, naga tail 1
a: Spit Poison


You were on level 4 of the Dungeon.
You visited 1 branch of the dungeon, and saw 4 of its levels.

You collected 59 gold pieces.


Innate Abilities, Weirdness & Mutations

Your serpentine skin is tough. (AC +2)
You have supernaturally acute eyesight. (SInv)
Armour fits poorly on your strangely shaped body.
Your system is resistant to poisons. (rPois)
You cover ground very slowly.
You can spit poison.
You have a snake-like lower body.


   Skills:
 - Level 4.0 Fighting
 + Level 5.8 Ranged Weapons
 - Level 1.5 Dodging
 - Level 1.5 Stealth


You had 5 spell levels left.
You didn't know any spells.
Your spell library was empty.

Inventory:

Hand Weapons
 Y - a +1 shortbow (weapon)
Armour
 c - a +0 leather armour (worn)
 f - a +0 helmet
Scrolls
 e - a scroll of identify
Potions
 a - a potion of curing {unknown}
 b - a potion of invisibility {unknown}
 d - a potion of lignification {unknown}
 g - a potion of might {unknown}
 h - a potion of heal wounds {unknown}
 j - a potion of enlightenment {unknown}

Dungeon Overview and Level Annotations

Branches:
Dungeon (4/15)
 Temple: D:4-7

Altars:
Hepliaklqana

Annotations:
D:3 1 runed translucent door, Crazy Yiuf


Message History

The gnoll is heavily wounded.
The adder bites you but does no damage. The gnoll barely misses you.
The gnoll hits you from afar with a +0 spear.
The adder closely misses you.
You shoot an arrow. The arrow hits the gnoll!
You kill the gnoll!
The gnoll barely misses you. x2; The adder barely misses you.
The gnoll misses you.
You feel your strength returning.
You shoot an arrow. The arrow misses the adder.
The adder bites you. x2
The gnoll hits you from afar with a +0 spear.
The gnoll barely misses you.
You shoot an arrow. The arrow closely misses the adder.
The adder bites you but does no damage. The gnoll closely misses you.
The gnoll hits you with a +0 flail! The adder bites you but does no damage.
You shoot an arrow. The arrow hits the adder!
The adder is almost dead.
You have got your breath back.
The gnoll barely misses you. The gnoll closely misses you.
The adder barely misses you.
2674 ||| INVOKING Spit Poison.
Aiming: Spit Poison (1% risk of failure)
Press: ? - help, Shift-Dir - straight line, f/p - adder The splash of poison misses the adder.
The adder bites you but does no damage. The gnoll hits you with a +0 flail!
The gnoll hits you from afar with a +0 spear.
You shoot an arrow. The arrow hits the adder.
The adder is almost dead.
The gnoll looks more healthy.
The adder barely misses you. The gnoll barely misses you.
The gnoll hits you from afar with a +0 spear.
The adder bites you.
You shoot an arrow. The arrow hits the adder.
You kill the adder!
The gnoll closely misses you.
The gnoll hits you from afar with a +0 spear!
The gnoll hits you from afar with a +0 spear.
The gnoll hits you with a +0 flail.
You die...

... ... #####> ...
......# ##..# ###
......# .#.# ...
...>.###.g.# #.#
#....g%..# #.#
#.>..@?..#
######.####........##
##.........#...........#
.......<............##.#
.#.................?.# .
.....................#
###....#.#.......>.....
#....###...#......)..##
......##..##..........


You could see 2 gnolls.

Vanquished Creatures
  An ogre (D:3)
  A scorpion (D:3)
  A gnoll (D:4)
  7 adders
  A worm (D:2)
  2 dart slugs (D:3)
  An orc (D:4)
  3 endoplasms
  A giant cockroach (D:4)
  4 hobgoblins
  7 jackals
  8 kobolds
  A quokka (D:2)
  9 ball pythons
  7 bats
  2 frilled lizards
  3 goblins
  7 rats
66 creatures vanquished.

Notes
Turn   | Place    | Note
-------+----------+-------------------------------------------
     0 | D:1      | qw the Naga Hunter began the quest for the Orb.
     0 | D:1      | Reached XP level 1. HP: 19/19 MP: 1/1
     0 | D:1      | 0 ||| qw: Version: 0.2-a-29-gc1b59c4
     0 | D:1      | 0 ||| qw: Game counter: 4700
     0 | D:1      | 0 ||| qw: Always use a shield: true
     0 | D:1      | 0 ||| qw: God list: Okawaru
     0 | D:1      | 0 ||| qw: Allow faded altars: false
     0 | D:1      | 0 ||| qw: Do Orc after D:15 true
     0 | D:1      | 0 ||| qw: Do second Lair branch before Depths: true
     0 | D:1      | 0 ||| qw: Lair rune preference: random
     0 | D:1      | 0 ||| qw: Plans: Normal
     0 | D:1      | 0 ||| PLANNING D:1-11
   112 | D:1      | 112 ||| INVOKING Spit Poison.
   173 | D:1      | 173 ||| INVOKING Spit Poison.
   242 | D:1      | 242 ||| INVOKING Spit Poison.
   248 | D:1      | 248 ||| INVOKING Spit Poison.
   337 | D:1      | 337 ||| INVOKING Spit Poison.
   341 | D:1      | Reached skill level 4 in Ranged Weapons
   341 | D:1      | Reached XP level 2. HP: 26/26 MP: 2/2
   402 | D:1      | 402 ||| INVOKING Spit Poison.
   412 | D:1      | 412 ||| INVOKING Spit Poison.
   454 | D:1      | 454 ||| INVOKING Spit Poison.
   707 | D:1      | 707 ||| INVOKING Spit Poison.
   713 | D:1      | 713 ||| INVOKING Spit Poison.
   839 | D:1      | 839 ||| DROPPING scarf of shadows.
   840 | D:1      | 840 ||| DROPPING scroll of butterflies.
   873 | D:2      | 873 ||| INVOKING Spit Poison.
   911 | D:2      | 911 ||| INVOKING Spit Poison.
   916 | D:2      | 916 ||| INVOKING Spit Poison.
   921 | D:2      | 921 ||| INVOKING Spit Poison.
   922 | D:2      | HP: 6/26 [poisoned by an adder]
   924 | D:2      | Reached XP level 3. HP: 4/32 MP: 3/3
  1062 | D:2      | 1062 ||| INVOKING Spit Poison.
  1101 | D:2      | 1101 ||| INVOKING Spit Poison.
  1105 | D:2      | 1105 ||| INVOKING Spit Poison.
  1128 | D:2      | 1128 ||| READING scroll labelled QERPHI FIRISY.
  1129 | D:2      | 1129 ||| READING scroll labelled XOISOU BYTZI.
  1247 | D:2      | 1247 ||| INVOKING Spit Poison.
  1248 | D:2      | 1248 ||| INVOKING Spit Poison.
  1249 | D:2      | 1249 ||| INVOKING Spit Poison.
  1254 | D:2      | 1254 ||| READING scroll labelled FONYPO GULU.
  1258 | D:2      | 1258 ||| INVOKING Spit Poison.
  1262 | D:2      | 1262 ||| INVOKING Spit Poison.
  1316 | D:2      | 1316 ||| INVOKING Spit Poison.
  1330 | D:2      | 1330 ||| INVOKING Spit Poison.
  1342 | D:2      | 1342 ||| INVOKING Spit Poison.
  1380 | D:2      | 1380 ||| INVOKING Spit Poison.
  1387 | D:2      | Reached skill level 5 in Ranged Weapons
  1387 | D:2      | Reached XP level 4. HP: 31/39 MP: 4/4
  1529 | D:3      | 1529 ||| INVOKING Spit Poison.
  1584 | D:3      | 1584 ||| INVOKING Spit Poison.
  1589 | D:3      | 1589 ||| INVOKING Spit Poison.
  1594 | D:3      | 1594 ||| INVOKING Spit Poison.
  1648 | D:3      | Found a hazy altar of Hepliaklqana.
  1718 | D:3      | 1718 ||| INVOKING Spit Poison.
  1724 | D:3      | 1724 ||| INVOKING Spit Poison.
  1730 | D:3      | 1730 ||| INVOKING Spit Poison.
  1817 | D:3      | Noticed an ogre
  1818 | D:3      | 1818 ||| INVOKING Spit Poison.
  1821 | D:3      | Killed an ogre
  1822 | D:3      | Reached XP level 5. HP: 23/50 MP: 5/5
  1936 | D:3      | 1936 ||| INVOKING Spit Poison.
  1942 | D:3      | 1942 ||| INVOKING Spit Poison.
  1976 | D:3      | 1976 ||| INVOKING Spit Poison.
  2020 | D:3      | 2020 ||| INVOKING Spit Poison.
  2108 | D:3      | 2108 ||| INVOKING Spit Poison.
  2144 | D:3      | Found a runed translucent door.
  2145 | D:3      | Noticed Crazy Yiuf
  2194 | D:3      | 2194 ||| INVOKING Spit Poison.
  2354 | D:3      | 2354 ||| READING 3 scrolls labelled QAHUDE RUERE.
  2355 | D:3      | 2355 ||| READING scroll labelled ROSKOI LUNA.
  2356 | D:3      | 2356 ||| READING scroll labelled WOIKHL RULABE.
  2357 | D:3      | 2357 ||| DRINKING 2 fuming purple potions.
  2358 | D:3      | 2358 ||| DROPPING potion of degeneration.
  2359 | D:3      | 2359 ||| DROPPING 2 scrolls of revelation.
  2396 | D:4      | 2396 ||| INVOKING Spit Poison.
  2400 | D:4      | 2400 ||| INVOKING Spit Poison.
  2402 | D:4      | 2402 ||| STAIRDANCE
  2404 | D:3      | 2404 ||| INVOKING Spit Poison.
  2407 | D:3      | Reached XP level 6. HP: 42/57 MP: 6/6
  2582 | D:4      | 2582 ||| INVOKING Spit Poison.
  2655 | D:4      | 2655 ||| INVOKING Spit Poison.
  2662 | D:4      | 2662 ||| INVOKING Spit Poison.
  2667 | D:4      | 2667 ||| INVOKING Spit Poison.
  2674 | D:4      | 2674 ||| INVOKING Spit Poison.
  2675 | D:4      | HP: 13/57 [gnoll/+0 spear (6)]
  2676 | D:4      | HP: 5/57 [gnoll/+0 spear (7)]
  2676 | D:4      | HP: 1/57 [gnoll/+0 spear (4)]
  2676 | D:4      | Slain by a gnoll

Levels and vault maps discovered:
D:1:      dpeg_arrival_simpleton_a, layout_basic, hex_intersection
D:2:      layout_basic
D:3:      layout_loops_cross, lemuel_coloured_pillars_altar,
          chequers_mini_garden, minmay_misc_feat_cross, uniq_crazy_yiuf_cottage
D:4:      cheibrodos_barr_body, layout_rooms, kennysheep_slug_shrine,
          minmay_misc_feat_alley, hangedman_decor_diamond_cutter

Skill      XL: |  1  2  3  4 |
---------------+-------------+-----
Ranged Weapons | 4 5 |  5.8
Fighting       | 4 |  4.0
Dodging        | |  1.5
Stealth        | |  1.5

Action                     |  1- 3 |  4- 6 || total
---------------------------+-------+-------++-------
   Fire: Shortbow          |    64 |    59 ||   123
Ability: Spit Poison       |    24 |    22 ||    46
    Use: Scroll            |     3 |     3 ||     6
         Potion            |       |     1 ||     1
 Armour: Leather armour    |     9 |    10 ||    19
  Dodge: Dodged            |    19 |    29 ||    48

Table legend:
 A = Non-vault XP
 B = Vault XP
 C = Vault XP percentage of total XP
 D = Non-vault monster count
 E = Vault monster count
 F = Vault count percentage of total count
                 A         B        C        D         E       F
            +---------+---------+-------+---------+---------+-------
      Total |     397 |       0 |   0.0 |      66 |       0 |   0.0
            +---------+---------+-------+---------+---------+-------
        D:1 |      21 |       0 |   0.0 |      14 |       0 |   0.0
        D:2 |      74 |       0 |   0.0 |      23 |       0 |   0.0
        D:3 |     250 |       0 |   0.0 |      20 |       0 |   0.0
        D:4 |      52 |       0 |   0.0 |       9 |       0 |   0.0
            +---------+---------+-------+---------+---------+-------
